 Dungeon Crawl Stone Soup version 0.22-a0-445-g8c8ef71 (webtiles) character file.

3325 Gorglomux the Covered (level 9, -1/76 HPs)
             Began as a Deep Dwarf Fighter on June 2, 2018.
             Was an Elder of Makhleb.
             Slain by a porcupine (7 damage)
             ... on level 9 of the Dungeon.
             The game lasted 00:04:56 (3931 turns).

Gorglomux the Covered (Deep Dwarf Fighter)          Turns: 3931, Time: 00:04:57

Health: -1/76      AC: 11    Str: 21    XL:     9   Next: 71%
Magic:  11/11      EV:  6    Int:  9    God:    Makhleb [****..]
Gold:   205        SH: 11    Dex: 12    Spells: 8/8 levels left

rFire    . . .     SeeInvis .   a - +0 war axe
rCold    . . .     Gourm    .   c - +0 shield
rNeg     . . .     Faith    .   M - +0 chain mail
rPois    .         Spirit   .   (no helmet)
rElec    .         Reflect  .   (no cloak)
rCorr    .         Harm     .   (no gloves)
MR       +....                  (no boots)
Stlth    ..........             (no amulet)
HPRegen  0.00/turn              F - +1 ring of protection
MPRegen  0.12/turn              (no ring)

@: non-regenerating
A: damage resistance, heal wounds, frail 1, sense surroundings 2, weak 1, no
regeneration
a: Heal Wounds, Minor Destruction, Lesser Servant of Makhleb, Major Destruction,
Renounce Religion


You were on level 9 of the Dungeon.
You worshipped Makhleb.
Makhleb was greatly pleased with you.
You were not hungry.

You visited 1 branch of the dungeon, and saw 9 of its levels.

You collected 205 gold pieces.

Inventory:

Hand Weapons
 a - a +0 war axe (weapon)
 o - a +0 vampiric hand axe
Armour
 c - a +0 shield (worn)
 M - a +0 chain mail (worn)
Jewellery
 F - a +1 ring of protection (left hand)
 T - a cursed ring of loudness {unknown}
 U - a +1 ring of protection
Wands
 A - a wand of acid (6)
 D - a wand of digging (25)
 E - a wand of enslavement (15)
 I - a wand of iceblast (9)
Scrolls
 i - a scroll of magic mapping {unknown}
 m - 4 scrolls of fear {unknown}
 p - a scroll of noise {unknown}
 q - 4 scrolls of teleportation {unknown}
 K - a scroll of fog {unknown}
 L - 3 scrolls of blinking {unknown}
 O - a scroll of remove curse {unknown}
 R - 2 scrolls of identify
 V - a scroll of immolation {unknown}
Potions
 d - a potion of might
 h - a potion of magic
 l - 2 potions of heal wounds
 Q - 2 potions of curing
 S - a potion of berserk rage {unknown}
 X - a potion of flight {unknown}
Comestibles
 f - 6 rations


   Skills:
 + Level 6.4 Fighting
 + Level 7.3 Axes
 + Level 7.7 Armour
 + Level 7.7 Shields
 + Level 6.8 Invocations


You had 8 spell levels left.
You didn't know any spells.
Your spell library was empty.

Dungeon Overview and Level Annotations

Branches:
Dungeon (9/15)             Temple (0/1) D:6
   Lair: D:8-11         Orc: D:9-12

Altars:
Makhleb
Xom
Zin


Innate Abilities, Weirdness & Mutations

You are resistant to damage.
You can heal yourself by infusing magical energy.
You passively map the area around you.
You do not regenerate.
You are frail. (-10% HP)
You are weak. (Str -2)


Message History

The basilisk gazes at you! You resist with almost no effort!
The porcupine bites you but does no damage!
The howler monkey hits you but does no damage!
The crocodile bites you! * * * don't die
* * * The howler monkey butts you! * * * don't die
* * * The porcupine bites you but does no damage!
The howler monkey butts you but does no damage!
You turn to flesh and can move again!
Unknown command!
Unknown command!
Unknown command!
You fail to use your ability!
A crocodile comes into view!
The basilisk bites you!!! * * * don't die
* * * You block the howler monkey's attack!
The porcupine bites you!!! rip

** ** *, .# *
#########'###
#...........# *
* *
#...........# ,
* #...........#
#)..<.oo....+ ,
,, ,
#....hhth...#,
, ,
#.....@rYo..# ,
#....rhl..o...P
#......oo......
, ,
#......K....P..
,
#............t.
#########'##...
, , .#*#.P,,, ,
## P. , * *


You could see a yak, a basilisk, an orc warrior, 2 crocodiles, 3 howler monkeys,
2 porcupines, a hound, an orc wizard, 4 orcs and a kobold.

Vanquished Creatures
  Sigmund (D:4)
  A yak (D:9)
  A hungry ghost (D:8)
  Menkaure (D:6)
  An orc warrior (D:6)
  A porcupine (D:9)
  A black bear (D:8)
  A phantom (D:6)
  4 ogres
  2 centaurs
  4 bullfrogs
  A scorpion (D:9)
  3 wights (D:8)
  A howler monkey (D:4)
  3 crimson imps (D:8)
  A bullfrog zombie (D:7)
  A quasit (D:8)
  2 jellies
  3 hounds
  A gnoll shaman (D:7)
  3 orc wizards
  6 iguanas
  5 worker ants
  2 killer bee zombies (D:7)
  A hound zombie (D:8)
  2 worker ant zombies
  11 gnolls
  11 adders
  2 shadow imps
  An adder zombie (D:8)
  2 worms (D:2)
  A dart slug (D:2)
  3 leopard geckos
  20 orcs
  4 giant cockroaches
  3 goblins (D:3)
  2 hobgoblins
  26 jackals
  5 quokkas
  A ball python (D:1)
  3 bats
  A frilled lizard (D:1)
  A jackal zombie (D:5)
  5 kobolds
  A leopard gecko skeleton (D:5)
  2 leopard gecko zombies (D:5)
  15 rats
173 creatures vanquished.

Vanquished Creatures (collateral kills)
  3 yaks (D:9)
3 creatures vanquished.

Vanquished Creatures (others)
  2 fungi (D:9)
2 creatures vanquished.

Grand Total: 178 creatures vanquished

Notes
Turn   | Place    | Note
-------+----------+-------------------------------------------
     0 | D:1      | Gorglomux the Deep Dwarf Fighter began the quest for the Orb.
     0 | D:1      | Reached XP level 1. HP: 20/20 MP: 1/1
    35 | D:1      | Reached XP level 2. HP: 22/27 MP: 2/2
   212 | D:2      | Reached skill level 3 in Fighting
   231 | D:2      | Found a shimmering altar of Xom.
   234 | D:2      | Found a burning altar of Makhleb.
   241 | D:2      | Reached XP level 3. HP: 17/34 MP: 3/3
   249 | D:2      | Became a worshipper of Xom of Chaos
   252 | D:2      | Fell from the grace of Xom
   252 | D:2      | Became a worshipper of Makhleb the Destroyer
   391 | D:2      | XOM: medium Pois miscast
   414 | D:2      | XOM: mild Necr miscast
   473 | D:3      | Reached skill level 3 in Axes
   601 | D:3      | Reached XP level 4. HP: 42/42 MP: 4/4
   754 | D:3      | XOM: mild Fire miscast
   850 | D:3      | Reached * piety under Makhleb
  1029 | D:4      | XOM: give mutations
  1029 | D:4      | Gained mutation: You are weak. (Str -2) [Xom's mischief]
  1029 | D:4      | Gained mutation: You are frail. (-10% HP) [Xom's mischief]
  1047 | D:4      | Reached XP level 5. HP: 43/44 MP: 5/5
  1213 | D:4      | Noticed Sigmund
  1266 | D:4      | Killed Sigmund
  1266 | D:4      | Reached XP level 6. HP: 35/51 MP: 5/5
  1346 | D:5      | Entered Level 5 of the Dungeon
  1407 | D:5      | Reached skill level 1 in Invocations
  1448 | D:5      | Reached XP level 7. HP: 39/57 MP: 5/7
  1458 | D:5      | Reached ** piety under Makhleb
  1935 | D:5      | Reached skill level 3 in Invocations
  2064 | D:6      | Noticed Menkaure
  2080 | D:6      | Killed Menkaure
  2085 | D:6      | Reached XP level 8. HP: 23/65 MP: 9/9
  2097 | D:6      | XOM: noise
  2171 | D:6      | Reached skill level 6 in Armour
  2171 | D:6      | Reached skill level 6 in Shields
  2272 | D:6      | Found a staircase to the Ecumenical Temple.
  2478 | D:6      | XOM: noise
  2625 | D:7      | Reached *** piety under Makhleb
  2625 | D:7      | Reached skill level 6 in Axes
  2661 | D:7      | XOM: give mutations
  2661 | D:7      | Gained mutation: Armour fits poorly on your strangely shaped body. [Xom's mischief]
  2661 | D:7      | Lost mutation: Armour fits poorly on your strangely shaped body. [Xom's mischief]
  2863 | D:7      | XOM: noise
  2929 | D:7      | XOM: mild Chrm miscast
  3020 | D:8      | XOM: 3-stop teleportation journey
  3044 | D:8      | Found a glowing silver altar of Zin.
  3144 | D:8      | Gained mutation: You passively map the area around you. [Deep Dwarf growth]
  3144 | D:8      | Reached XP level 9. HP: 46/73 MP: 9/11
  3532 | D:8      | XOM: medium Hex miscast
  3656 | D:8      | Reached skill level 6 in Fighting
  3663 | D:8      | Reached skill level 6 in Invocations
  3777 | D:8      | XOM: harmless Conj miscast
  3917 | D:9      | Reached **** piety under Makhleb
  3931 | D:9      | Slain by a porcupine

Vault maps used:
D:1:      erik_arrival_orb_chamber, serial_bayou_pond_c
D:2:      chequers_temple_overflow_statue_of_worship,
          chequers_ecumenical_altar_simple, first_ration
D:3:      kennysheep_generic_room_12
D:4:      nicolae_zen_rock_garden, uniq_sigmund
D:6:      temple_doors_e, serial_shops, nicolae_shop_waterfront, uniq_grinder,
          uniq_menkaure
D:8:      basic_altar, nicolae_underground_beach
D:9:      minmay_lair_entry_grove, orc_0_dummy, basic_altar,
          hangedman_pestilent_swarm, okawaru_trees_1

Skill      XL: |  1  2  3  4  5  6  7  8  9 |
---------------+----------------------------+-----
Fighting       | 3 4 5 6 |  6.4
Axes           | 3 4 5 6 7 |  7.3
Armour         | 4 5 6 7 |  7.7
Shields        | 4 5 6 7 |  7.7
Invocations    | 1 3 5 6 |  6.8

Action                   |  1- 3 |  4- 6 |  7- 9 || total
-------------------------+-------+-------+-------++-------
Melee: War axe           |    99 |    34 |   296 ||   429
       Hand axe          |       |   224 |   203 ||   427
Invok: Minor Destruction |       |       |    13 ||    13
       Lesser Servant of |       |       |     1 ||     1
 Abil: Heal Wounds       |     1 |     4 |    16 ||    21
  Use: Potion            |       |     1 |     1 ||     2
       Scroll            |       |       |     4 ||     4
  Eat: Ration            |       |     2 |       ||     2
       Chunk             |       |       |    15 ||    15
Armor: Scale mail        |    48 |    98 |    98 ||   244
       Chain mail        |       |       |   246 ||   246
Dodge: Dodged            |    31 |   100 |   187 ||   318
Block: Shield            |    54 |   168 |   389 ||   611

Table legend:
 A = Spawn XP
 B = Non-spawn XP
 C = Spawn XP percentage of total XP
 D = Spawn monster count
 E = Non-spawn monster count
 F = Spawn count percentage of total count
 G = Total turns spent on level
                    A         B        C        D         E        F      G
               +---------+---------+-------+---------+---------+-------+---------
         Total |       0 |    4751 |   0.0 |       0 |     176 |   0.0 |  3931
               +---------+---------+-------+---------+---------+-------+---------
           D:1 |       0 |      19 |   0.0 |       0 |      18 |   0.0 |   154
           D:2 |       0 |      46 |   0.0 |       0 |      14 |   0.0 |   278
           D:3 |       0 |      91 |   0.0 |       0 |      28 |   0.0 |   510
           D:4 |       0 |     467 |   0.0 |       0 |      15 |   0.0 |   404
           D:5 |       0 |     606 |   0.0 |       0 |      30 |   0.0 |   621
           D:6 |       0 |     839 |   0.0 |       0 |      20 |   0.0 |   530
           D:7 |       0 |     525 |   0.0 |       0 |      23 |   0.0 |   441
           D:8 |       0 |    1273 |   0.0 |       0 |      21 |   0.0 |   948
           D:9 |       0 |     885 |   0.0 |       0 |       7 |   0.0 |    45
               +---------+---------+-------+---------+---------+-------+---------
